AoeStats
← CellaNBasso

Arena

504941086Analyzed
1v1 RM · 25d ago on Sep 7, 2026· 31m 6s· 2 players
Game mode
Random Map
Map size
Tiny (2 player)
Population
200
Speed
Normal
Resources
Standard
Victory
Conquest
Starting age
Dark Age
Ending age
Imperial Age
RankedLock teamsTeams togetherTeam positionsShared explorationLock speedFull tech treeHidden civsTurbo modeCheats
Victory
Defeat
🇨🇴 Bengalis · Colombia
1058
+18
🇺🇸 Franks · United States
1098
-18
CARCA_ELMATA7
10:07 Feudal Age
14:10 Castle Age
12:22 Loom
13:27 Double-Bit Axe
17:08 Fletching
26:36 Imperial Age
26:27 Padded Archer Armor
27:29 Wheelbarrow
27:24 Bow Saw
27:27 Bodkin Arrow
28:10 Horse Collar
29:39 Hand Cart
29:10 Town Watch
30:20 Conscription
CellaNBasso
10:44 Feudal Age
14:44 Castle Age
13:14 Double-Bit Axe
14:32 Wheelbarrow
22:23 Fletching
24:01 Bodkin Arrow
29:41 Scale Barding Armor
29:47 Forging
30:42 Chain Barding Armor
Connection lost

Rejoining the realm…

Still unreachable

The connection could not be restored.

Session expired

The server has moved on; the page needs a fresh start.